 Dungeon Crawl Stone Soup version 0.19.0-2-gae57169 (webtiles) character file.

213 nikopol the Chopper (level 5, -1/47 HPs)
             Began as a Hill Orc Berserker on Nov 5, 2016.
             Was a Priest of Trog.
             Slain by nikopol's ghost (11 damage)
             ... on level 4 of the Dungeon.
             The game lasted 00:05:24 (2840 turns).

nikopol the Chopper (Hill Orc Berserker)            Turns: 2840, Time: 00:05:25

Health: -1/47      AC:  6    Str: 21    XL:     5   Next: 90%
Magic:  5/5        EV: 12    Int:  7    God:    Trog [***...]
Gold:   162        SH:  0    Dex: 10    Spells: 0 memorised, 4 levels left

rFire  . . .     SeeInvis .     a - +2 hand axe (drain)
rCold  . . .     Gourm    .     d - +0 ring mail
rNeg   . . .     Faith    .     (no shield)
rPois  .         Spirit   .     (no helmet)
rElec  .         Reflect  .     (no cloak)
rCorr  .         Harm     .     G - +0 pair of gloves
MR     .....                    (no boots)
Stlth  ..........               (no amulet)
                                (no ring)
                                (no ring)

@: exhausted, slowed, drained, very slow
A: no striking features
a: Berserk, Trog's Hand, Burn Spellbooks, Renounce Religion


You were on level 4 of the Dungeon.
You worshipped Trog.
Trog was most pleased with you.
You were very hungry.

You visited 1 branch of the dungeon, and saw 4 of its levels.

You collected 162 gold pieces.

Inventory:

Hand Weapons
 a - a +2 hand axe of draining (weapon)
 F - a +0 hand axe
Missiles
 v - 28 arrows (quivered)
Armour
 b - a +0 animal skin
 d - a +0 ring mail (worn)
 G - a +0 pair of gloves (worn)
Jewellery
 h - an uncursed ring of flight {unknown}
 j - an uncursed ring of magical power {unknown}
 y - an uncursed ring of wizardry {unknown}
 A - an uncursed ring of see invisible {unknown}
 B - an uncursed amulet of guardian spirit {unknown}
 C - an uncursed ring of flight {unknown}
Scrolls
 e - 2 scrolls of recharging {unknown}
 g - 8 scrolls of identify {unknown}
 k - 3 scrolls of teleportation {unknown}
 l - a scroll of amnesia {unknown}
 n - 3 scrolls of remove curse {unknown}
 o - a scroll of enchant armour {unknown}
 q - a scroll of random uselessness {unknown}
 r - a scroll of enchant weapon {unknown}
 x - 3 scrolls of noise {unknown}
Potions
 i - 2 potions of ambrosia {unknown}
 p - 2 potions of cancellation {unknown}
 s - a potion of berserk rage {unknown}
 t - a potion of degeneration {unknown}
 u - 2 potions of haste {unknown}
 w - a potion of might {unknown}
 z - a potion of curing {unknown}
 E - a potion of lignification {unknown}
Comestibles
 c - 4 bread rations
 f - 2 meat rations
 m - 3 beef jerkies
 D - a chunk of flesh


   Skills:
 + Level 4.8 Fighting
 + Level 5.3 Axes
 + Level 3.5 Armour
 + Level 2.9 Dodging


You had 4 spell levels left.
You didn't know any spells.

Dungeon Overview and Level Annotations

Branches:
Dungeon (4/15)
 Temple: D:4-7

Altars:
Qazlal
Sif Muna

Annotations:
D:4 nikopol's ghost, amateur HOBe


Message History

You feel yourself slow down. Nikopol's ghost closely misses you.
You closely miss nikopol's ghost.
Nikopol's ghost is heavily damaged.
Nikopol's ghost hits you.
You closely miss nikopol's ghost.
Nikopol's ghost is heavily damaged.
Nikopol's ghost hits you! Nikopol's ghost misses you.
You barely miss nikopol's ghost.
Nikopol's ghost is heavily damaged.
Nikopol's ghost hits you!
* * * LOW HITPOINT WARNING * * *
You barely miss nikopol's ghost.
Nikopol's ghost is heavily damaged.
Nikopol's ghost barely misses you.
Nikopol's ghost says, "I have seen your future, and it is all used up."
Nikopol's ghost hits you but does no damage.
You hit nikopol's ghost but do no damage.
Nikopol's ghost is heavily damaged.
Nikopol's ghost misses you. Nikopol's ghost hits you!
You die...

.## ##.# #.# #.## #.##
##.# ##.# #.##########
#.###.#........##
##.#.##.........#####
#...##.............. ###
##'###....#.....#.##......
#...#######...@W.....##...
#...# ###....##.#.....#.
#.⌠.# #......##.(.......
#.8.# #......##.#.#.....
#.⌠.# #....÷............
#...# #.................
#...# #....#..........#
##'## #....#....#####.#
#..[# ######....#####


You could see nikopol's ghost.

Vanquished Creatures
  An orc priest (D:4)
  Natasha (D:2)
  A hound skeleton (D:4)
  5 adders
  An ooze (D:3)
  An adder skeleton (D:4)
  5 dart slugs
  6 leopard geckos
  3 orcs (D:4)
  11 goblins
  9 hobgoblins
  4 jackals
  5 kobolds
  11 bats
  4 frilled lizards
  8 rats
76 creatures vanquished.

Notes
Turn   | Place    | Note
-------+----------+-------------------------------------------
     0 | D:1      | nikopol the Hill Orc Berserker began the quest for the Orb.
     0 | D:1      | Reached XP level 1. HP: 19/19 MP: 1/1
    98 | D:1      | Reached XP level 2. HP: 6/27 MP: 2/2
   570 | D:1      | Reached XP level 3. HP: 25/33 MP: 3/3
  1092 | D:2      | Reached ** piety under Trog
  1311 | D:2      | Reached XP level 4. HP: 33/40 MP: 4/4
  1598 | D:2      | Found a stormy altar of Qazlal.
  1810 | D:2      | Noticed Natasha
  1820 | D:2      | Killed Natasha
  2053 | D:3      | Reached XP level 5. HP: 43/47 MP: 5/5
  2360 | D:3      | Reached skill level 5 in Axes
  2405 | D:4      | Found a deep blue altar of Sif Muna.
  2415 | D:4      | Reached *** piety under Trog
  2812 | D:4      | Noticed nikopol's ghost (amateur HOBe)
  2840 | D:4      | Slain by nikopol's ghost

Skill      XL: |  1  2  3  4  5 |
---------------+----------------+-----
Fighting       | 4 |  4.8
Dodging        | 2 |  2.9
Armour         | 3 |  3.5
Axes           | 5 |  5.3

Action                   |  1- 3 |  4- 6 || total
-------------------------+-------+-------++-------
Melee: Hand axe          |   134 |   138 ||   272
Invok: Berserk           |       |     2 ||     2
  Eat: Chunk             |     1 |     6 ||     7
Armor: Animal skin       |     2 |       ||     2
       Ring mail         |    42 |    49 ||    91
Dodge: Dodged            |    81 |    83 ||   164
